 Dungeon Crawl Stone Soup version 0.31-a0-971-g75a2e9a4b4 (webtiles) character file.

Game seed: 832235039678853016

1977 horus123 the Chopper (level 9, 0/117 HPs)
             Began as a Hill Orc Fighter on Oct 29, 2023.
             Slain by an ice beast (5 damage)
             ... on level 7 of the Dungeon.
             The game lasted 00:09:51 (5866 turns).

horus123 the Chopper (Hill Orc Fighter)             Turns: 5866, Time: 00:09:52

Health: 0/117      AC: 24    Str: 21    XL:     9   Next: 20%
Magic:  0/0        EV:  2    Int: 10    God:
Gold:   325        SH:  5    Dex: 14    Spells: 7/8 levels left

rFire   . . .        D - +6 short sword of Ewoc {heavy, MP-9 Dex+4}
rCold   . . .        c - +0 buckler
rNeg    . . .        y - melded +2 leather armour {rC+}
rPois   +            (helmet currently unavailable)
rElec   .            f - melded +0 cloak
rCorr   .            (gloves currently unavailable)
SInv    .            d - melded +0 pair of boots
Will    .....        h - amulet of magic regeneration
Stlth   +            k - ring of flight
HPRegen 0.39/turn    (no ring)
MPRegen 0.47/turn

%: no passive effects
@: tree-form
A: stationary, stasis, torment immunity, boosted hp
a: no special abilities


You were on level 7 of the Dungeon.
You were a tree.
You visited 1 branch of the dungeon, and saw 7 of its levels.

You collected 325 gold pieces.

Inventory:

Hand Weapons
 a - a +0 flail
 A - a +0 flail
 B - a +2 hand axe of electrocution
 D - the +6 short sword of Ewoc (weapon) {heavy, MP-9 Dex+4}
   (You found it on level 4 of the Dungeon)

   Dex+4:     It affects your dexterity (+4).
   MP-9:      It affects your magic capacity (-9).
 F - a +3 halberd
 I - a +0 flail of holy wrath
Armour
 b - a +0 scale mail
 c - a +0 buckler (worn)
 d - a +0 pair of boots (melded)
 f - a +0 cloak (melded)
 i - the +0 ring mail "Acugu" {rPois rCorr Dex-2}
   (You found it on level 2 of the Dungeon)

   Dex-2:     It affects your dexterity (-2).
   rPois:     It protects you from poison rCorr: It protects you from acid and
   corrosion.
 x - a +0 chain mail
 y - a +2 leather armour of cold resistance (melded)
 E - a +0 plate armour
 H - a +0 troll leather armour
 J - a +0 kite shield
Jewellery
 h - an amulet of magic regeneration (around neck)
 k - a ring of flight (left branch)
Scrolls
 e - a scroll of butterflies {unknown}
 j - 4 scrolls of identify {unknown}
 l - 2 scrolls of teleportation {unknown}
 o - 3 scrolls of immolation {unknown}
 p - 4 scrolls of noise {unknown}
 q - 4 scrolls of fog {unknown}
 v - 2 scrolls of enchant weapon {unknown}
 w - a scroll of fear {unknown}
Potions
 g - a potion of mutation {unknown}
 m - a potion of curing {unknown}
 n - a potion of lignification
 r - a potion of brilliance {unknown}
 s - 2 potions of enlightenment {unknown}
 t - a potion of degeneration {unknown}
 u - 2 potions of berserk rage {unknown}
 z - a potion of ambrosia {unknown}
 C - a potion of haste {unknown}
 G - a potion of heal wounds {unknown}


   Skills:
 - Level 6.6 Fighting
 - Level 2.5 Short Blades
 - Level 7.0(7.9) Axes
 - Level 4.7(6.1) Maces & Flails
 - Level 6.9 Armour
 - Level 4.4 Dodging
 - Level 3.2 Shields
 + Level 0.1 Spellcasting


You had 7 spell levels left.
You knew the following spells:

 Your Spells              Type           Power      Damage    Failure   Level
a - Magic Dart            Conj           0%         1d3       43%         1

Your spell library contained the following spells:

 Spells                   Type           Power      Damage    Failure   Level
 Searing Ray              Conj           0%         2d4       56%         2
 Fulminant Prism          Conj/Hex       0%         3d5       99%         4


Dungeon Overview and Level Annotations

Branches:
Dungeon (7/15)
 Temple: D:4-7

Altars:
Ru

Annotations:
D:6 Jeremiah


Message History

There is a stone staircase leading up here.
It was a potion of lignification.
You turn into a tree.
Your +0 cloak melds into your body.
Your +0 pair of boots melds into your body.
Your +2 leather armour of cold resistance melds into your body.
You feel less resistant to cold.
Your roots penetrate the ground.
You feel sick.
The ice beast hits you but does no damage.
The yak gores you!
* * * LOW HITPOINT WARNING * * *
You hit the ice beast.
The ice beast is lightly wounded.
You feel sick.
The ice beast hits you but does no damage.
The yak gores you but does no damage.
The ice beast hits you but does no damage.
The yak gores you.
* * * LOW HITPOINT WARNING * * *
You closely miss the ice beast.
The ice beast is lightly wounded.
You feel sick.
The ice beast hits you but does no damage.
The yak gores you but does no damage.
You hit the ice beast but do no damage.
The ice beast is lightly wounded.
You feel sick.
You are no longer poisoned.
The ice beast completely misses you. The yak barely misses you.
You closely miss the ice beast.
The ice beast is lightly wounded.
The ice beast hits you but does no damage.
The yak gores you.
* * * LOW HITPOINT WARNING * * *
The ice beast barely misses you.
You puncture the ice beast!
The ice beast is heavily wounded.
The yak gores you but does no damage. The ice beast hits you.
* * * LOW HITPOINT WARNING * * *
The ice beast freezes you.
You die...

# #.##
....
#..###
#.Y♣#
##Y##
#..
...#
....
#####


You could see a yak and an ice beast.

Vanquished Creatures
  A troll (D:6)
  2 water moccasins (D:6)
  The ghost of zenocrate the Sneak, an amateur VSEn (D:3)
  2 black bears
  An ice beast (D:6)
  2 ogres (D:5)
  A centaur (D:5)
  A phantom (D:4)
  A scorpion (D:4)
  An electric eel (D:6)
  2 orc priests
  2 jellies
  5 hounds
  2 iguanas
  2 sleepcaps (D:4)
  Natasha (twice) (D:2)
  3 orc wizards
  4 gnolls (D:5)
  A river rat (D:5)
  11 adders
  A shadow imp (D:5)
  2 ufetubi (D:6)
  2 worms
  2 dart slugs
  18 orcs
  2 bats
  6 endoplasms
  4 giant cockroaches
  9 goblins
  9 hobgoblins
  3 kobolds
  4 quokkas
  10 ball pythons
  6 frilled lizards
  6 rats
131 creatures vanquished.

Notes
Turn   | Place    | Note
-------+----------+-------------------------------------------
     0 | D:1      | horus123 the Hill Orc Fighter began the quest for the Orb.
     0 | D:1      | Reached XP level 1. HP: 19/19 MP: 1/1
   166 | D:1      | Reached XP level 2. HP: 27/27 MP: 2/2
   805 | D:2      | Identified the +0 ring mail "Acugu" {rPois rCorr Dex-2}
   870 | D:2      | Reached skill level 5 in Fighting
   870 | D:2      | Reached XP level 3. HP: 26/36 MP: 3/3
  1546 | D:2      | Noticed Natasha
  1575 | D:2      | Reached XP level 4. HP: 44/44 MP: 4/4
  1584 | D:2      | Killed Natasha
  1694 | D:2      | Noticed Natasha
  1705 | D:2      | Killed Natasha
  1706 | D:2      | Reached XP level 5. HP: 32/51 MP: 5/5
  1996 | D:3      | Found a faded altar of an unknown god.
  2125 | D:3      | Found a runed translucent door.
  2125 | D:3      | Noticed zenocrate's ghost (amateur VSEn)
  2870 | D:3      | Killed zenocrate's ghost
  2871 | D:3      | Reached XP level 6. HP: 51/58 MP: 6/6
  2944 | D:4      | Reached skill level 1 in Axes
  2976 | D:4      | Reached skill level 2 in Axes
  2982 | D:4      | Reached skill level 3 in Axes
  2999 | D:4      | Reached skill level 4 in Axes
  3146 | D:4      | Identified the +6 short sword of Ewoc {heavy, MP-9 Dex+4}
  3213 | D:4      | Noticed a black bear
  3217 | D:4      | Reached XP level 7. HP: 64/64 MP: 7/7
  3221 | D:4      | Reached skill level 5 in Axes
  3230 | D:4      | Reached skill level 6 in Axes
  3563 | D:4      | Reached skill level 7 in Axes
  3751 | D:5      | Entered Level 5 of the Dungeon
  3810 | D:5      | Reached XP level 8. HP: 64/71 MP: 8/8
  3845 | D:5      | Reached skill level 5 in Armour
  4436 | D:5      | Found a sacrificial altar of Ru.
  4945 | D:6      | Reached skill level 1 in Short Blades
  5170 | D:6      | Reached skill level 1 in Dodging
  5281 | D:6      | Reached XP level 9. HP: 31/78 MP: 0/9
  5491 | D:6      | Noticed a troll
  5504 | D:6      | Killed a troll
  5675 | D:6      | Learned a level 1 spell: Magic Dart
  5755 | D:6      | Noticed Jeremiah
  5866 | D:7      | HP: 5/117 [ice beast (3)]
  5866 | D:7      | Slain by an ice beast

Illustrated notes

Levels and vault maps discovered:
D:1:      wander_arrival_estate, layout_basic, bh_walls_and_bars
D:2:      cheibrodos_helix_gallery, layout_basic, uniq_natasha
D:3:      layout_loops_ring, hellmonk_ghost_happy_afterlife,
          ebering_ecumenical_altar_sacrificial
D:4:      layout_cave_pools, grunt_ministairs_12
D:5:      layout_basic, nicolae_ru_path_of_blood, portal_sewer_entry_e,
          dreamdust_gnoll_farm
D:6:      layout_rooms, grunt_ministairs_9, kennysheep_crisscross,
          hangedman_decor_riveting, uniq_jeremiah
D:7:      layout_rooms, eat_drink_and_be_merry_uskayaw, xom_confusion_cloud,
          serial_shops, shop, dk_rats_in_the_wall, uniq_pikel, uniq_maggie

Skill      XL: |  1  2  3  4  5  6  7  8  9 |
---------------+----------------------------+-----
Fighting       | 4 5 6 |  6.6
Maces & Flails | 4 |  4.7
Axes           | 4 7 |  7.0
Armour         | 4 6 |  6.9
Short Blades   | 2 |  2.5
Dodging        | 3 4 |  4.4
Shields        | |  3.2
Spellcasting   | |  0.1

Action                     |  1- 3 |  4- 6 |  7- 9 || total
---------------------------+-------+-------+-------++-------
  Melee: Flail             |   113 |    86 |       ||   199
         Hand axe          |       |    47 |   114 ||   161
         Short sword       |       |       |    82 ||    82
    Use: Potion            |       |       |     2 ||     2
 Armour: Scale mail        |    43 |       |       ||    43
         Ring mail         |    29 |    64 |       ||    93
         Leather armour    |       |    29 |    47 ||    76
         Plate armour      |       |       |   191 ||   191
         Skin              |       |       |    12 ||    12
  Dodge: Dodged            |    54 |    41 |    86 ||   181
  Block: Buckler           |    24 |    24 |    38 ||    86

Table legend: (Time is in decaauts)
 A = Elapsed time spent in this place.
 B = Non-inter-level travel time spent in this place.
 C = Inter-level travel time spent in this place.
 D = Time resting spent in this place.
 E = Time spent auto-exploring this place.
 F = Levels seen in this place.
 G = Mean time per level.
                   A        B        C        D        E       F      G
               +--------+--------+--------+--------+--------+-----+--------+
         Total |   5959 |   5823 |    136 |    486 |   4132 |   7 |  851.3 |
       Dungeon |   5959 |   5823 |    136 |    486 |   4132 |   7 |  851.3 |
               +--------+--------+--------+--------+--------+-----+--------+

Top non-repeatable levels by time:
     D:2: 1210 daAuts
     D:5: 1168 daAuts
     D:6: 964 daAuts
     D:3: 952 daAuts
     D:4: 839 daAuts
     D:1: 816 daAuts
     D:7: 7 daAuts
